3AAA
SYLVANIA MAPLE LEAVES @ VERMONT LAKE MONSTERS
06/23/2019
 
TOP OF THE 1ST
Sylvania Maple Leaves batting - Pitching for Vermont Lake Monsters : RHP Alberto Robles
Pitching: RHP Alberto Robles
Batting: RHB Kenny Norton 0-0: Ball
1-0: Ball
2-0: Foul Ball, location: 2F
2-1: Called Strike
2-2: Strikes out swinging
Batting: SHB Curt Bryant 0-0: Called Strike
0-1: Reached on error, E6 (Groundball, 6)
Batting: LHB Iván Gonzáles 0-0: Fielders Choice at 2nd, 4-6 (Groundball, 4M)
Batting: RHB Miguel García 0-0: Ball
1-0: Called Strike
1-1: Called Strike
1-2: Foul Ball, location: 2F
1-2: Strikes out swinging
Top of the 1st over - 0 run(s), 0 hit(s), 1 error(s), 1 left on base; Sylvania 0 - Vermont 0
BOTTOM OF THE 1ST
Vermont Lake Monsters batting - Pitching for Sylvania Maple Leaves : RHP Cisco Cruz
Pitching: RHP Cisco Cruz
Batting: RHB Gonzalo Núñez 0-0: Ball
1-0: Ball
2-0: Called Strike
2-1: SINGLE (Line Drive, 7S)
Batting: RHB Daniel Cooper 0-0: Ball
1-0: Ball
2-0: Foul Ball, location: 2F
2-1: Foul Ball, location: 2F
2-2: Foul Ball, location: 2F
2-2: Ball
3-2: Base on Balls
Gonzalo Núñez to second
Batting: RHB Júlio Santos 0-0: Ball
1-0: Called Strike
1-1: Ball
2-1: Ball
3-1: SINGLE (Flyball, 8LS)
Gonzalo Núñez to third
Daniel Cooper to second
Batting: LHB Theodore Shaw 0-0: Ball
1-0: Called Strike
1-1: TRIPLE (Line Drive, 9D)
Gonzalo Núñez scores
Daniel Cooper scores
Júlio Santos scores
Batting: LHB John Brewer 0-0: Ball
1-0: Ball
2-0: Ball
3-0: Called Strike
3-1: Called Strike
3-2: Foul Ball, location: 2F
3-2: Foul Ball, location: 2F
3-2: Foul Ball, location: 2F
3-2: Fly out, F5 (Popup, 25F)
Batting: RHB Fernando Tirado 0-0: Ball
1-0: Swinging Strike
1-1: Reached on error, E5 (Groundball, 5L)
Theodore Shaw scores
Batting: LHB Juan Durán 0-0: Fly out, F8 (Flyball, 78M)
Batting: LHB Michael Smith 0-0: Ball
1-0: Fly out, F9 (Flyball, 89M)
Bottom of the 1st over - 4 run(s), 3 hit(s), 1 error(s), 1 left on base; Sylvania 0 - Vermont 4
TOP OF THE 2ND
Sylvania Maple Leaves batting - Pitching for Vermont Lake Monsters : RHP Alberto Robles
Batting: RHB Ingo van Ham 0-0: Fly out, F4 (Popup, 4D)
Batting: LHB Carl Pierce 0-0: Swinging Strike
0-1: Fly out, F5 (Popup, 25F)
Batting: RHB Steve Ferguson 0-0: Ball
1-0: Swinging Strike
1-1: SINGLE (Groundball, 34)
Batting: RHB Dustin Walker 0-0: Ball
1-0: Ball
2-0: Swinging Strike
2-1: SINGLE (Groundball, 4MD)
Steve Ferguson to second
Runner from 2nd tries for 3rd, SAFE, throw made to third
Batting: RHB Fernando Díaz 0-0: Ball
1-0: Swinging Strike
1-1: Fly out, F7 (Flyball, 7S)
Top of the 2nd over - 0 run(s), 2 hit(s), 0 error(s), 2 left on base; Sylvania 0 - Vermont 4
BOTTOM OF THE 2ND
Vermont Lake Monsters batting - Pitching for Sylvania Maple Leaves : RHP Cisco Cruz
Batting: RHB Pat Ings 0-0: Ball
1-0: Called Strike
1-1: Ball
2-1: Swinging Strike
2-2: Strikes out swinging
Batting: RHB Gonzalo Núñez 0-0: Ball
1-0: Ball
2-0: Foul Ball, location: 2F
2-1: Ball
3-1: Fly out, F9 (Flyball, 89S)
Batting: RHB Daniel Cooper 0-0: Called Strike
0-1: Ball
1-1: Foul Ball, location: 2F
1-2: Ball
2-2: Ball
3-2: Foul Ball, location: 2F
3-2: Fly out, F9 (Flyball, 9S)
Bottom of the 2nd over - 0 run(s), 0 hit(s), 0 error(s), 0 left on base; Sylvania 0 - Vermont 4
TOP OF THE 3RD
Sylvania Maple Leaves batting - Pitching for Vermont Lake Monsters : RHP Alberto Robles
Batting: RHB Kenny Norton 0-0: Ball
1-0: Foul Ball, location: 2F
1-1: SINGLE (Line Drive, 4M)
Batting: SHB Curt Bryant 0-0: Ball
Kenny Norton steals 2nd base
1-0: SINGLE (Line Drive, 4MD)
Kenny Norton to third
Runner from 3rd tries for Home, SAFE, no throw or cutoff
Batting: LHB Iván Gonzáles 0-0: Ball
1-0: Fielders Choice at 2nd, 4-6 (Groundball, 34)
Batting: RHB Miguel García 0-0: Called Strike
0-1: Foul Ball, location: 2F
0-2: Foul Ball, location: 2F
0-2: Fly out, F4 (Popup, 4D)
Batting: RHB Ingo van Ham 0-0: Called Strike
0-1: DOUBLE (Flyball, 78XD)
Iván Gonzáles to third
Runner from 3rd tries for Home, SAFE, no throw or cutoff
Batting: LHB Carl Pierce 0-0: Foul Ball, location: 2F
0-1: Swinging Strike
0-2: Ball
1-2: Ball
2-2: Foul Ball, location: 2F
2-2: Ball
3-2: Foul Ball, location: 2F
3-2: Base on Balls
Batting: RHB Steve Ferguson 0-0: Called Strike
0-1: Ball
1-1: SINGLE (Groundball, 56D)
Ingo van Ham to third
Carl Pierce to second
Throwing error, E7
Ingo van Ham scores
Carl Pierce to third
Steve Ferguson to second
Batting: RHB Dustin Walker 0-0: Foul Ball, location: 2F
0-1: Reached on error, E6 (Groundball, 6)
Carl Pierce scores
Steve Ferguson to third
Batting: RHB Fernando Díaz 0-0: Swinging Strike
0-1: Ball
1-1: Fly out, F7 (Flyball, 7D)
Top of the 3rd over - 4 run(s), 4 hit(s), 2 error(s), 2 left on base; Sylvania 4 - Vermont 4
BOTTOM OF THE 3RD
Vermont Lake Monsters batting - Pitching for Sylvania Maple Leaves : RHP Cisco Cruz
Batting: RHB Júlio Santos 0-0: Foul Ball, location: 2F
0-1: Called Strike
0-2: Ground out U3 (Groundball, 3L)
Batting: LHB Theodore Shaw 0-0: Foul Ball, location: 2F
0-1: Ball
1-1: Ground out 1-3 (Groundball, 15S)
Batting: LHB John Brewer 0-0: SOLO HOME RUN (Flyball, 9D), Distance : 368 ft
Batting: RHB Fernando Tirado 0-0: Ball
1-0: Ball
2-0: Ball
3-0: Base on Balls
Batting: LHB Juan Durán 0-0: Ball
Wild Pitch!
Fernando Tirado to second
1-0: Called Strike
1-1: Ball
2-1: Foul Ball, location: 2F
2-2: Ground out U3 (Groundball, 3S)
Bottom of the 3rd over - 1 run(s), 1 hit(s), 0 error(s), 1 left on base; Sylvania 4 - Vermont 5
TOP OF THE 4TH
Sylvania Maple Leaves batting - Pitching for Vermont Lake Monsters : RHP Alberto Robles
Batting: RHB Kenny Norton 0-0: Ball
1-0: Called Strike
1-1: Ball
2-1: Ball
3-1: Foul Ball, location: 2F
3-2: Strikes out swinging
Batting: SHB Curt Bryant 0-0: Foul Ball, location: 2F
0-1: Ball
1-1: Reached on error, E5 (Groundball, 56S)
Batting: LHB Iván Gonzáles 0-0: Ball
1-0: Ball
2-0: Ball
3-0: Base on Balls
Curt Bryant to second
Batting: RHB Miguel García 0-0: Ball
1-0: Called Strike
1-1: Foul Ball, location: 2F
1-2: Ball
2-2: Foul Ball, location: 2F
2-2: Foul Ball, location: 2F
2-2: SINGLE (Groundball, 56D)
Curt Bryant to third
Iván Gonzáles to second
Runner from 3rd tries for Home, SAFE, no throw or cutoff
Batting: RHB Ingo van Ham 0-0: Ball
1-0: Fly out, F9 (Flyball, 89M)
Batting: LHB Carl Pierce 0-0: Ball
1-0: Called Strike
1-1: Foul Ball, location: 2F
1-2: Ball
2-2: Fly out, F6 (Popup, 6MD)
Top of the 4th over - 1 run(s), 1 hit(s), 1 error(s), 2 left on base; Sylvania 5 - Vermont 5
BOTTOM OF THE 4TH
Vermont Lake Monsters batting - Pitching for Sylvania Maple Leaves : RHP Cisco Cruz
Batting: LHB Michael Smith 0-0: Ball
1-0: Foul Ball, location: 2F
1-1: Foul Ball, location: 2F
1-2: Ball
2-2: Ball
3-2: Ground out 6-3 (Groundball, 6)
Batting: RHB Pat Ings 0-0: Ball
1-0: Called Strike
1-1: Swinging Strike
1-2: Fly out, F8 (Line Drive, 8LD)
Batting: RHB Gonzalo Núñez 0-0: Called Strike
0-1: Ball
1-1: Swinging Strike
1-2: Ball
2-2: Ball
3-2: Foul Ball, location: 2F
3-2: Fly out, F7 (Flyball, 78M)
Bottom of the 4th over - 0 run(s), 0 hit(s), 0 error(s), 0 left on base; Sylvania 5 - Vermont 5
TOP OF THE 5TH
Sylvania Maple Leaves batting - Pitching for Vermont Lake Monsters : RHP Alberto Robles
Batting: RHB Steve Ferguson 0-0: DOUBLE (Line Drive, 9LS)
Pitching: RHP Alexander Allen
Batting: RHB Dustin Walker 0-0: Foul Ball, location: 2F
0-1: Fly out, F8 (Flyball, 89M)
Batting: RHB Fernando Díaz 0-0: Called Strike
0-1: Called Strike
0-2: Foul Ball, location: 2F
0-2: Ball
1-2: Ball
2-2: Strikes out swinging
Batting: RHB Kenny Norton 0-0: Called Strike
0-1: Called Strike
0-2: Strikes out looking
Top of the 5th over - 0 run(s), 1 hit(s), 0 error(s), 1 left on base; Sylvania 5 - Vermont 5
BOTTOM OF THE 5TH
Vermont Lake Monsters batting - Pitching for Sylvania Maple Leaves : RHP Cisco Cruz
Batting: RHB Daniel Cooper 0-0: Called Strike
0-1: Ground out 6-3 (Groundball, 6)
Batting: RHB Júlio Santos 0-0: Ball
1-0: Ball
2-0: Ball
3-0: Called Strike
3-1: Foul Ball, location: 2F
3-2: Strikes out looking
Batting: LHB Theodore Shaw 0-0: Called Strike
0-1: Ball
1-1: Called Strike
1-2: Strikes out swinging
Bottom of the 5th over - 0 run(s), 0 hit(s), 0 error(s), 0 left on base; Sylvania 5 - Vermont 5
TOP OF THE 6TH
Sylvania Maple Leaves batting - Pitching for Vermont Lake Monsters : RHP Alexander Allen
Batting: SHB Curt Bryant 0-0: Bunt missed!
0-1: Foul Ball, location: 2F
0-2: Strikes out swinging
Batting: LHB Iván Gonzáles 0-0: Foul Ball, location: 2F
0-1: Ball
1-1: Foul Ball, location: 2F
1-2: Foul Ball, location: 2F
1-2: Foul Ball, location: 2F
1-2: Foul Ball, location: 2F
1-2: Ground out 4-3 (Groundball, 4)
Batting: RHB Miguel García 0-0: Called Strike
0-1: Ball
1-1: Foul Ball, location: 2F
1-2: Ball
2-2: Ground out 6-3 (Groundball, 6)
Top of the 6th over - 0 run(s), 0 hit(s), 0 error(s), 0 left on base; Sylvania 5 - Vermont 5
BOTTOM OF THE 6TH
Vermont Lake Monsters batting - Pitching for Sylvania Maple Leaves : RHP Cisco Cruz
Batting: LHB John Brewer 0-0: Ground out 4-3 (Groundball, 4)
Batting: RHB Fernando Tirado 0-0: Called Strike
0-1: Ball
1-1: SINGLE (Line Drive, 6D)
Pitching: LHP Juan García
Batting: LHB Juan Durán 0-0: Ball
1-0: Fly out, F8 (Line Drive, 8RD)
Batting: LHB Michael Smith 0-0: Ball
1-0: Ball
2-0: Called Strike
2-1: Ball
3-1: Fly out, F7 (Flyball, 78M)
Bottom of the 6th over - 0 run(s), 1 hit(s), 0 error(s), 1 left on base; Sylvania 5 - Vermont 5
TOP OF THE 7TH
Sylvania Maple Leaves batting - Pitching for Vermont Lake Monsters : RHP Alexander Allen
Pitching: RHP Reynaldo Díaz
Batting: RHB Ingo van Ham 0-0: Ball
1-0: Ball
2-0: Swinging Strike
2-1: Swinging Strike
2-2: Strikes out swinging
Pitching: LHP Gustavo Rúbio
Batting: LHB Carl Pierce 0-0: Ball
1-0: Ball
2-0: Called Strike
2-1: Swinging Strike
2-2: Ball
3-2: SINGLE (Line Drive, 8LS)
Pitching: RHP Branislav Stankovic
Pinch Hitting: RHB Melvin Baldwin 0-0: Ball
1-0: Ball
2-0: Foul Ball, location: 2F
2-1: Ball
3-1: Called Strike
3-2: Reached on Error, E3 (Line Drive, 3S)
Carl Pierce to second
Pinch Hitting: RHB Mike Neal 0-0: Foul Ball, location: 2F
0-1: Swinging Strike
0-2: Ball
1-2: Strikes out swinging
Pinch Hitting: RHB Bartolo García 0-0: Ball
1-0: 3-RUN HOME RUN (Flyball, 8LXD), Distance : 436 ft
Batting: RHB Kenny Norton 0-0: Ball
1-0: Swinging Strike
1-1: Called Strike
1-2: Foul Ball, location: 2F
1-2: Strikes out swinging
Top of the 7th over - 3 run(s), 2 hit(s), 1 error(s), 0 left on base; Sylvania 8 - Vermont 5
BOTTOM OF THE 7TH
Vermont Lake Monsters batting - Pitching for Sylvania Maple Leaves : LHP Juan García
Now at 1B: Bartolo García
Now at 2B: Melvin Baldwin
Now in LF: Mike Neal
Batting: RHB Pat Ings 0-0: Swinging Strike
0-1: Ball
1-1: Swinging Strike
1-2: Strikes out swinging
Batting: RHB Gonzalo Núñez 0-0: Called Strike
0-1: Ball
1-1: Swinging Strike
1-2: Foul Ball, location: 2F
1-2: Strikes out swinging
Batting: RHB Daniel Cooper 0-0: Ball
1-0: Swinging Strike
1-1: Ground out 4-3 (Groundball, 4)
Bottom of the 7th over - 0 run(s), 0 hit(s), 0 error(s), 0 left on base; Sylvania 8 - Vermont 5
TOP OF THE 8TH
Sylvania Maple Leaves batting - Pitching for Vermont Lake Monsters : RHP Branislav Stankovic
Batting: SHB Curt Bryant 0-0: Ground out 4-3 (Groundball, 34)
Batting: LHB Iván Gonzáles 0-0: Ball
1-0: Ball
2-0: Foul Ball, location: 2F
2-1: Ball
3-1: Base on Balls
Batting: RHB Miguel García 0-0: Reached on error, E5 (Groundball, 5S)
Iván Gonzáles to second
Batting: RHB Ingo van Ham 0-0: Foul Ball, location: 2F
0-1: Ball
1-1: Fly out, F1 (Popup, 13S)
Batting: LHB Carl Pierce 0-0: Foul Ball, location: 2F
0-1: Ground out 4-3 (Groundball, 4)
Top of the 8th over - 0 run(s), 0 hit(s), 1 error(s), 2 left on base; Sylvania 8 - Vermont 5
BOTTOM OF THE 8TH
Vermont Lake Monsters batting - Pitching for Sylvania Maple Leaves : LHP Juan García
Now at 3B: José Valdéz
Batting: RHB Júlio Santos 0-0: Fly out, F7 (Line Drive, 7S)
Batting: LHB Theodore Shaw 0-0: Ball
1-0: Ball
2-0: Called Strike
2-1: Swinging Strike
2-2: Ball
3-2: Fly out, F8 (Flyball, 8RM)
Batting: LHB John Brewer 0-0: Foul Ball, location: 2F
0-1: Foul Ball, location: 2F
0-2: Strikes out swinging
Bottom of the 8th over - 0 run(s), 0 hit(s), 0 error(s), 0 left on base; Sylvania 8 - Vermont 5
TOP OF THE 9TH
Sylvania Maple Leaves batting - Pitching for Vermont Lake Monsters : RHP Branislav Stankovic
Pitching: RHP Pablo De La Torre
Batting: RHB Melvin Baldwin 0-0: Swinging Strike
0-1: Ball
1-1: Foul Ball, location: 2F
1-2: SINGLE (Line Drive, 6D)
Batting: RHB Mike Neal 0-0: Called Strike
0-1: Ball
1-1: Ground out 4-3 (Groundball, 4M)
Melvin Baldwin to second
Batting: RHB Bartolo García 0-0: Intentional Walk
Batting: RHB Kenny Norton 0-0: Called Strike
0-1: Ball
1-1: Ball
2-1: Ball
3-1: Foul Ball, location: 2F
3-2: Strikes out swinging
Batting: SHB Curt Bryant 0-0: DOUBLE (Flyball, 89XD)
Melvin Baldwin scores
Bartolo García to third
Runner from 3rd tries for Home, SAFE, throw made home
Batting: RHB José Valdéz 0-0: Ball
1-0: Ball
2-0: Ball
3-0: Called Strike
3-1: Foul Ball, location: 2F
3-2: Foul Ball, location: 2F
3-2: Ground out 6-3 (Groundball, 6M)
Top of the 9th over - 2 run(s), 2 hit(s), 0 error(s), 1 left on base; Sylvania 10 - Vermont 5
BOTTOM OF THE 9TH
Vermont Lake Monsters batting - Pitching for Sylvania Maple Leaves : LHP Juan García
Pitching: LHP Roberto Bruno
Batting: RHB Fernando Tirado 0-0: Ball
1-0: Ball
2-0: Ball
3-0: Called Strike
3-1: Fly out, F5 (Popup, 5F)
Batting: LHB Juan Durán 0-0: Ball
1-0: Swinging Strike
1-1: Foul Ball, location: 2F
1-2: Ball
2-2: Foul Ball, location: 2F
2-2: Ball
3-2: Foul Ball, location: 2F
3-2: Base on Balls
Batting: LHB Michael Smith 0-0: Fly out, F7 (Flyball, 7M)
Batting: RHB Pat Ings 0-0: Foul Ball, location: 2F
0-1: Ball
1-1: Foul Ball, location: 2F
1-2: Foul Ball, location: 2F
1-2: Ball
2-2: Ball
3-2: Base on Balls
Juan Durán to second
Batting: RHB Gonzalo Núñez 0-0: Swinging Strike
0-1: DOUBLE (Line Drive, 89M)
Juan Durán scores
Pat Ings to third
Runner from 3rd tries for Home, throw and OUT!
Bottom of the 9th over - 1 run(s), 1 hit(s), 0 error(s), 1 left on base; Sylvania 10 - Vermont 6
This league is powered by Out of the Park Baseball, the baseball management simulation game for PC, Mac and Linux
Saturday, July 25th, 2015 - OOTP Baseball 15.6 Build 34